Predators vs Blackhawks
Created - November 5, 2017 at 19:09
Goals
|
| Predators |
0 |
0 |
2 |
0 |
2 |
3 |
| Blackhawks |
0 |
0 |
2 |
0 |
1 |
2 |
|
Shots
|
| Predators |
2 |
9 |
12 |
2 |
4 |
25 |
| Blackhawks |
10 |
7 |
13 |
0 |
4 |
30 |
|
1st period
No Goal
Penalties :
Joni Pitkanen (Chi) for Delaying the game (Minor) at 6:19, Taylor Pyatt (Chi) for Hooking (Minor) at 12:58
2nd period
No Goal
Penalties :
James Van Riemsdyk (Nas) for Hooking (Minor) at 5:44, Peter Regin (Chi) for Unsportsmanlike conduct (Minor) at 9:07, Byron Bitz (Nas) for Hooking (Minor) at 14:58, Peter Regin (Chi) for Hooking (Minor) at 19:17
3rd period
1. Predators , Alexander Edler 3 (Ryan Mcdonagh 5) at 2:37
2. Predators , Niclas Bergfors 3 (Alexander Ovechkin 5, Alexander Edler 7) at 3:17
3. Blackhawks , Jarome Iginla 2 (Antoine Roussel 6, Mike Green 4) at 7:23
4. Blackhawks , Derick Brassard 5 (Denis Grebeshkov 3, Patrick Kane 6) at 7:39 (PP)
Penalties :
Joni Pitkanen (Chi) for Holding (Minor) at 3:54, Alexander Edler (Nas) for Interference (Minor) at 7:26, Jarome Iginla (Chi) for Interference (Minor) at 14:16
Overtime #1
No Goal
Penalties :
No Penalty
Shootout
Penalty Shot by Alexander Ovechkin for Predators - Stopped by Jimmy Howard
Penalty Shot by Patrick Kane for Blackhawks - Goal!
Penalty Shot by Niclas Bergfors for Predators - Goal!
Penalty Shot by Derick Brassard for Blackhawks - Stopped by Viktor Fasth
Penalty Shot by Ryan Kesler for Predators - Shot Misses the Net
Penalty Shot by Jarome Iginla for Blackhawks - Stopped by Viktor Fasth
Penalty Shot by Andy Miele for Predators - Goal!
Penalty Shot by Antoine Roussel for Blackhawks - Stopped by Viktor Fasth
Penalties :
No Penalty
Goalie Stats
Viktor Fasth (Nas), 28 saves from 30 shots - (0.933), W, 7-4-0, 65:00 minutes
Jimmy Howard (Chi), 23 saves from 25 shots - (0.920), OTL, 1-6-4, 65:00 minutes
Players Stats for Predators
Player Name G A P +/- PIM S H SB GA TA FO MP PP MP PK MP
------------------------------------------------------------------------------------
Adam Burish 0 0 0 -1 0 3 2 1 0 0 0/0 17:39 0:00 0:20
Alexander Edler 1 1 2 2 2 4 0 2 3 2 0/0 28:50 7:16 2:34
Alexander Ovechkin 0 1 1 2 0 2 4 0 2 1 1/2 25:53 6:49 1:52
Alexander Steen 0 0 0 0 0 4 2 0 1 0 0/1 18:08 5:05 1:31
Andrej Meszaros 0 0 0 0 0 0 0 0 0 0 0/0 4:21 0:00 0:00
Andy Miele 0 0 0 0 0 1 1 1 0 0 8/22 19:40 5:05 2:22
Anton Gustafsson 0 0 0 0 0 1 2 0 0 0 2/4 9:38 0:00 0:00
Barret Jackman 0 0 0 -1 0 0 0 0 0 0 0/0 10:35 0:00 0:13
Brett Clark 0 0 0 -1 0 1 1 0 0 0 0/0 14:57 0:00 1:24
Byron Bitz 0 0 0 0 2 1 1 0 1 0 0/0 17:22 5:05 1:10
Dmitri Kalinin 0 0 0 0 0 1 2 0 1 0 0/0 20:24 4:38 0:00
James Van Riemsdyk 0 0 0 0 2 0 0 0 0 0 0/0 12:18 0:00 0:00
John Moore 0 0 0 0 0 1 0 1 0 0 0/0 21:48 4:38 1:24
Justin Abdelkader 0 0 0 -1 0 0 0 1 0 0 0/0 8:51 0:00 0:00
Kris Vernarsky 0 0 0 -1 0 0 0 1 0 0 1/2 8:16 0:00 0:47
Niclas Bergfors 1 0 1 2 0 4 4 0 0 0 2/2 23:22 6:49 0:00
Ryan Kesler 0 0 0 2 0 2 0 0 1 0 9/28 24:24 6:49 0:20
Ryan Mcdonagh 0 1 1 2 0 0 2 5 0 0 0/0 29:20 7:16 2:47
Players Stats for Blackhawks
Player Name G A P +/- PIM S H SB GA TA FO MP PP MP PK MP
------------------------------------------------------------------------------------
Antoine Roussel 0 1 1 -1 0 4 1 0 0 3 0/0 23:29 2:05 3:47
Chad Larose 0 0 0 0 0 0 3 1 0 1 0/0 11:31 0:19 0:00
Dalton Prout 0 0 0 0 0 0 0 0 0 0 0/0 13:59 0:00 2:17
Dave Tanabe 0 0 0 1 0 1 0 0 0 0 0/0 14:14 0:00 1:02
Denis Grebeshkov 0 1 1 0 0 2 1 0 0 1 0/0 23:22 1:53 4:35
Derick Brassard 1 0 1 -2 0 5 4 0 0 1 21/27 25:51 2:24 6:43
Jaden Schwartz 0 0 0 0 0 1 1 1 0 0 0/0 9:56 1:47 1:05
Jarome Iginla 1 0 1 1 2 3 2 0 0 0 1/2 18:34 1:47 2:59
Joni Pitkanen 0 0 0 -1 4 4 2 2 0 0 0/0 27:36 2:18 4:36
Kyle Brodziak 0 0 0 0 0 0 1 0 0 0 1/2 6:23 0:00 0:07
Ladislav Smid 0 0 0 0 0 0 0 1 0 0 0/0 23:02 1:53 4:15
Mike Green 0 1 1 -1 0 1 1 1 0 1 0/0 29:40 2:18 7:03
Patrick Kane 0 1 1 -2 0 3 2 2 3 0 8/14 26:22 2:24 6:47
Peter Regin 0 0 0 0 4 2 1 1 0 0 3/9 12:43 1:47 0:00
Ryan Johansen 0 0 0 0 0 1 1 0 0 0 3/5 13:16 0:00 2:20
Taylor Pyatt 0 0 0 0 2 1 0 0 0 0 0/1 11:10 0:00 0:00
Tomas Fleischmann 0 0 0 0 0 1 2 0 0 1 1/1 10:36 0:00 0:00
Tyler Kennedy 0 0 0 0 0 1 1 0 0 1 0/0 6:16 0:00 0:00
3 Stars
1 - Niclas Bergfors (Nas)
2 - Alexander Edler (Nas)
3 - Ryan Mcdonagh (Nas)
Power Play
Predators - 0 on 6 Attempt(s) - 0.00%
Blackhawks - 1 on 3 Attempt(s) - 33.33%
Penalty Kill
Predators - 2 on 3 Attempt(s) - 66.67%
- Score 0 goal in Penalty Kill
Blackhawks - 6 on 6 Attempt(s) - 100.00%
- Score 0 goal in Penalty Kill
Team Stat
Predators - Hits : 21 - Faceoff Wins : 23 - Blocked Shots : 12 - Penalty Minutes : 6
Blackhawks - Hits : 23 - Faceoff Wins : 38 - Blocked Shots : 9 - Penalty Minutes : 12
Official
Referees : Furlatt Eric and Banfield David
Linesman : Mike Cvik and Tim Nowak
Game Notes
No Game Note
Finance
Level 1 -- Attendance: 4641 (77.35%) -- Ticket Income $454,818
Level 2 -- Attendance: 3726 (74.52%) -- Ticket Income $234,738
Level 3 -- Attendance: 1459 (72.95%) -- Ticket Income $61,278
Level 4 -- Attendance: 2899 (72.48%) -- Ticket Income $89,869
Luxury Box -- Attendance: 798 (79.80%) -- Ticket Income $142,044
Game was played at the Rexall Place.
Total Attendance: 13523 (75.13%)
Total Ticket Income: $982,747
Other Income: $147,412
Total Income: $1,130,159
Predators
5 vs 5 Forward
Center Left Wing Right Wing Time % Phy DF OF
1 Ryan Kesler Alexander Ovechkin Niclas Bergfors 40 1 2 2
2 Andy Miele Alexander Steen Byron Bitz 30 1 2 2
3 Anton Gustafsson James Van Riemsdyk Adam Burish 20 1 2 2
4 Kris Vernarsky Justin Abdelkader Adam Burish 10 1 2 2
5 vs 5 Defense
Defense Defense Time % Phy DF OF
1 Ryan Mcdonagh Alexander Edler 40 1 2 2
2 John Moore Dmitri Kalinin 30 1 2 2
3 Brett Clark Barret Jackman 20 1 2 2
4 Brett Clark Andrej Meszaros 10 1 2 2
PowerPlay Forward
Center Left Wing Right Wing Time % Phy DF OF
1 Ryan Kesler Alexander Ovechkin Niclas Bergfors 60 1 0 4
2 Andy Miele Alexander Steen Byron Bitz 40 1 0 4
PowerPlay Defense
Defense Defense Time % Phy DF OF
1 Ryan Mcdonagh Alexander Edler 60 1 1 3
2 Dmitri Kalinin John Moore 40 1 1 3
Penalty Kill 4 Players Forward
Center Wing Time % Phy DF OF
1 Andy Miele Byron Bitz 60 1 2 2
2 Ryan Kesler Adam Burish 40 1 2 2
Penalty Kill 4 Players Defense
Defense Defense Time % Phy DF OF
1 Ryan Mcdonagh Alexander Edler 60 1 3 1
2 John Moore Brett Clark 40 1 3 1
Penalty Kill - 3 Players Forward
Forward Time % Phy DF OF
1 Byron Bitz 60 1 3 1
2 Adam Burish 40 1 3 1
Penalty Kill - 3 Players Defense
Defense Defense Time % Phy DF OF
1 Ryan Mcdonagh Alexander Edler 60 1 3 1
2 John Moore Brett Clark 40 1 3 1
4 vs 4 Forward
Center Wing Time % Phy DF OF
1 Ryan Kesler Alexander Ovechkin 60 1 1 3
2 Andy Miele Niclas Bergfors 40 1 2 2
4 vs 4 Defense
Defense Defense Time % Phy DF OF
1 Ryan Mcdonagh Alexander Edler 60 1 1 3
2 John Moore Dmitri Kalinin 40 1 2 2
Last Minutes Offensive
Center Left Wing Right Wing Defense Defense
Ryan Kesler Alexander Ovechkin Byron Bitz Ryan Mcdonagh Alexander Edler
Last Minutes Defensive
Center Left Wing Right Wing Defense Defense
Andy Miele Alexander Ovechkin Byron Bitz John Moore Ryan Mcdonagh
Goaltenders
Starting : Viktor Fasth
Backup : Chad Johnson
Extra Forwards
Normal : James Van Riemsdyk, Adam Burish, Justin Abdelkader - PP : James Van Riemsdyk, Justin Abdelkader - PK : Alexander Ovechkin
Extra Defensemen
Normal : Andrej Meszaros, Barret Jackman, Brett Clark - PP : Andrej Meszaros - PK : Barret Jackman, Brett Clark
Penalty Shots
Alexander Ovechkin, Niclas Bergfors, Ryan Kesler, Andy Miele, James Van Riemsdyk
Scratches
Mikael Granlund (Healthy)
Blackhawks
5 vs 5 Forward
Center Left Wing Right Wing Time % Phy DF OF
1 Derick Brassard Antoine Roussel Patrick Kane 40 1 2 2
2 Peter Regin Tomas Fleischmann Jarome Iginla 30 1 2 2
3 Ryan Johansen Taylor Pyatt Chad Larose 20 1 2 2
4 Kyle Brodziak Jaden Schwartz Tyler Kennedy 10 1 2 2
5 vs 5 Defense
Defense Defense Time % Phy DF OF
1 Mike Green Joni Pitkanen 40 1 2 2
2 Denis Grebeshkov Ladislav Smid 30 1 2 2
3 Dave Tanabe Dalton Prout 20 1 2 2
4 Mike Green Joni Pitkanen 10 1 2 2
PowerPlay Forward
Center Left Wing Right Wing Time % Phy DF OF
1 Derick Brassard Antoine Roussel Patrick Kane 60 1 2 2
2 Peter Regin Jaden Schwartz Jarome Iginla 40 1 2 2
PowerPlay Defense
Defense Defense Time % Phy DF OF
1 Mike Green Joni Pitkanen 60 1 2 2
2 Denis Grebeshkov Ladislav Smid 40 1 2 2
Penalty Kill 4 Players Forward
Center Wing Time % Phy DF OF
1 Patrick Kane Derick Brassard 60 1 2 2
2 Jarome Iginla Antoine Roussel 40 1 2 2
Penalty Kill 4 Players Defense
Defense Defense Time % Phy DF OF
1 Mike Green Joni Pitkanen 60 1 2 2
2 Denis Grebeshkov Ladislav Smid 40 1 2 2
Penalty Kill - 3 Players Forward
Forward Time % Phy DF OF
1 Patrick Kane 60 1 2 2
2 Derick Brassard 40 1 2 2
Penalty Kill - 3 Players Defense
Defense Defense Time % Phy DF OF
1 Mike Green Joni Pitkanen 60 1 2 2
2 Denis Grebeshkov Ladislav Smid 40 1 2 2
4 vs 4 Forward
Center Wing Time % Phy DF OF
1 Patrick Kane Derick Brassard 60 1 2 2
2 Jarome Iginla Antoine Roussel 40 1 2 2
4 vs 4 Defense
Defense Defense Time % Phy DF OF
1 Mike Green Joni Pitkanen 60 1 2 2
2 Denis Grebeshkov Ladislav Smid 40 1 2 2
Last Minutes Offensive
Center Left Wing Right Wing Defense Defense
Derick Brassard Antoine Roussel Patrick Kane Mike Green Joni Pitkanen
Last Minutes Defensive
Center Left Wing Right Wing Defense Defense
Derick Brassard Antoine Roussel Patrick Kane Mike Green Joni Pitkanen
Goaltenders
Starting : Jimmy Howard
Backup : Al Montoya
Extra Forwards
Normal : Chad Larose, Taylor Pyatt, Ryan Johansen - PP : Chad Larose, Taylor Pyatt - PK : Ryan Johansen
Extra Defensemen
Normal : Dave Tanabe, Dalton Prout, Denis Grebeshkov - PP : Dave Tanabe - PK : Dalton Prout, Denis Grebeshkov
Penalty Shots
Patrick Kane, Derick Brassard, Jarome Iginla, Antoine Roussel, Peter Regin
Scratches
None
% Time on Ice - Predators
Lines # - Real PCT - Wanted PCT - Time Play
Normal Forward
1 - 35% - 40% - 15:35
2 - 26% - 30% - 11:27
3 - 22% - 20% - 9:38
4 - 17% - 10% - 7:15
Normal Defense
1 - 38% - 40% - 16:47
2 - 31% - 30% - 13:35
3 - 22% - 20% - 9:47
4 - 9% - 10% - 3:46
PP Forward
1 - 57% - 60% - 6:49
2 - 43% - 40% - 5:05
PP Defense
1 - 61% - 60% - 7:16
2 - 39% - 40% - 4:38
PK Forward
1 - 92% - 60% - 3:51
2 - 8% - 40% - 0:20
PK Defense
1 - 67% - 60% - 2:47
2 - 33% - 40% - 1:24
PK3 Forward
1 - 0% - 60%
2 - 0% - 40%
PK3 Defense
1 - 0% - 60%
2 - 0% - 40%
44 Forward
1 - 75% - 60% - 3:44
2 - 25% - 40% - 1:16
44 Defense
1 - 56% - 60% - 2:49
2 - 44% - 40% - 2:11
Last Minute Offensive - 0:00
Last Minute Defensive - 0:00
Total
Forward - 65:00
Defense - 65:00
|
% Time on Ice - Blackhawks
Lines # - Real PCT - Wanted PCT - Time Play
Normal Forward
1 - 35% - 40% - 15:22
2 - 28% - 30% - 12:23
3 - 23% - 20% - 9:54
4 - 14% - 10% - 6:16
Normal Defense
1 - 40% - 40% - 17:27
2 - 34% - 30% - 14:43
3 - 24% - 20% - 10:42
4 - 2% - 10% - 1:03
PP Forward
1 - 57% - 60% - 2:24
2 - 43% - 40% - 1:47
PP Defense
1 - 55% - 60% - 2:18
2 - 45% - 40% - 1:53
PK Forward
1 - 68% - 60% - 8:07
2 - 32% - 40% - 3:47
PK Defense
1 - 64% - 60% - 7:39
2 - 36% - 40% - 4:15
PK3 Forward
1 - 0% - 60%
2 - 0% - 40%
PK3 Defense
1 - 0% - 60%
2 - 0% - 40%
44 Forward
1 - 71% - 60% - 3:34
2 - 29% - 40% - 1:26
44 Defense
1 - 56% - 60% - 2:49
2 - 44% - 40% - 2:11
Last Minute Offensive - 0:00
Last Minute Defensive - 0:00
Total
Forward - 65:00
Defense - 65:00
|
Play by Play
1st period
0:01 of 1st period - Derick Brassard wins face-off versus Ryan Kesler in neutral zone.
1:57 of 1st period - Dalton Prout is hit by Dmitri Kalinin and loses puck.
2:16 of 1st period - Brett Clark is hit by Chad Larose and loses puck.
2:37 of 1st period - Slapshot by Niclas Bergfors.
2:37 of 1st period - Shot Misses the Net.
2:43 of 1st period - Barret Jackman is hit by Joni Pitkanen and loses puck.
3:00 of 1st period - Snap shot by Byron Bitz.
3:00 of 1st period - Shot Misses the Net.
3:50 of 1st period - Mike Green is hit by Alexander Ovechkin and loses puck.
5:11 of 1st period - Wrist shot by Jaden Schwartz.
5:11 of 1st period - Shot Misses the Net.
5:19 of 1st period - Wrist shot by Jaden Schwartz.
5:19 of 1st period - Stopped by Viktor Fasth with a rebound.
5:25 of 1st period - Brett Clark is hit by Tyler Kennedy and loses puck.
5:39 of 1st period - Slapshot by Tyler Kennedy.
5:39 of 1st period - Stopped by Viktor Fasth with a rebound.
5:55 of 1st period - Slapshot by Denis Grebeshkov.
5:55 of 1st period - Stopped by Viktor Fasth without a rebound.
5:56 of 1st period - Ryan Kesler wins face-off versus Derick Brassard in Predators zone.
6:19 of 1st period - Minor Penalty to Joni Pitkanen for Delaying the game.
6:20 of 1st period - Derick Brassard wins face-off versus Ryan Kesler in Blackhawks zone.
8:19 of 1st period - Penalty to Joni Pitkanen is over, Joni Pitkanen is back on ice.
8:28 of 1st period - Slapshot by Patrick Kane.
8:28 of 1st period - Shot Misses the Net.
8:36 of 1st period - Dave Tanabe is hit by Adam Burish and loses puck.
9:13 of 1st period - Wrist shot by Peter Regin.
9:13 of 1st period - Shot Misses the Net.
9:15 of 1st period - Wrist shot by Peter Regin.
9:15 of 1st period - Stopped by Viktor Fasth with a rebound.
9:37 of 1st period - Niclas Bergfors is hit by Ryan Johansen and loses puck.
11:54 of 1st period - Slapshot by Antoine Roussel.
11:54 of 1st period - Stopped by Viktor Fasth with a rebound.
11:56 of 1st period - Wrist shot by Dave Tanabe.
11:56 of 1st period - Shot Misses the Net.
12:16 of 1st period - Anton Gustafsson is hit by Kyle Brodziak and loses puck.
12:58 of 1st period - Minor Penalty to Taylor Pyatt for Hooking.
12:59 of 1st period - Derick Brassard wins face-off versus Ryan Kesler in Blackhawks zone.
13:04 of 1st period - Snap shot by Derick Brassard.
13:04 of 1st period - Stopped by Viktor Fasth with a rebound.
13:06 of 1st period - Slapshot by Joni Pitkanen.
13:06 of 1st period - Shot Blocked by Alexander Edler.
13:08 of 1st period - Slapshot by Joni Pitkanen.
13:08 of 1st period - Deflect By Alexander Edler.
13:08 of 1st period - Stopped by Viktor Fasth with a rebound.
14:58 of 1st period - Penalty to Taylor Pyatt is over, Taylor Pyatt is back on ice.
14:59 of 1st period - Icing by Ryan Mcdonagh.
15:00 of 1st period - Andy Miele wins face-off versus Peter Regin in Predators zone.
16:53 of 1st period - Snap shot by Patrick Kane.
16:53 of 1st period - Stopped by Viktor Fasth with a rebound.
16:55 of 1st period - Slapshot by Joni Pitkanen.
16:55 of 1st period - Stopped by Viktor Fasth without a rebound.
16:56 of 1st period - Patrick Kane wins face-off versus Andy Miele in Predators zone.
17:05 of 1st period - Snap shot by Patrick Kane.
17:05 of 1st period - Shot Blocked by Ryan Mcdonagh.
17:43 of 1st period - Snap shot by James Van Riemsdyk.
17:43 of 1st period - Deflect By Adam Burish.
17:43 of 1st period - Stopped by Jimmy Howard without a rebound.
17:44 of 1st period - Ryan Johansen wins face-off versus Anton Gustafsson in Blackhawks zone.
18:34 of 1st period - Slapshot by Anton Gustafsson.
18:34 of 1st period - Stopped by Jimmy Howard without a rebound.
18:35 of 1st period - Derick Brassard wins face-off versus Ryan Kesler in Blackhawks zone.
18:35 of 1st period - Derick Brassard is hit by Alexander Ovechkin.
18:49 of 1st period - Wrist shot by Patrick Kane.
18:49 of 1st period - Stopped by Viktor Fasth without a rebound.
18:50 of 1st period - Andy Miele wins face-off versus Peter Regin in Predators zone.
19:01 of 1st period - Slapshot by Alexander Edler.
19:01 of 1st period - Shot Blocked by Peter Regin.
19:15 of 1st period - Patrick Kane is hit by Ryan Mcdonagh and loses puck.
19:28 of 1st period - Wrist shot by Ryan Kesler.
19:28 of 1st period - Shot Misses the Net.
19:42 of 1st period - Anton Gustafsson is hit by Mike Green.
19:47 of 1st period - Icing by Brett Clark.
19:48 of 1st period - Anton Gustafsson wins face-off versus Peter Regin in Predators zone.
Goals for this period are 0 for Predators vs 0 for Blackhawks.
Shots for this period are 2 for Predators vs 10 for Blackhawks.
2nd period
0:01 of 2nd period - Derick Brassard wins face-off versus Ryan Kesler in neutral zone.
0:08 of 2nd period - Slapshot by Derick Brassard.
0:08 of 2nd period - Shot Blocked by Ryan Mcdonagh.
0:14 of 2nd period - Backhand shot by Patrick Kane.
0:14 of 2nd period - Shot Blocked by Ryan Mcdonagh.
0:16 of 2nd period - Slapshot by Patrick Kane.
0:16 of 2nd period - Stopped by Viktor Fasth with a rebound.
0:39 of 2nd period - Slapshot by Ryan Johansen.
0:39 of 2nd period - Shot Misses the Net.
0:51 of 2nd period - Joni Pitkanen is hit by Alexander Ovechkin and loses puck.
1:16 of 2nd period - Wrist shot by Andy Miele.
1:16 of 2nd period - Shot Misses the Net.
1:19 of 2nd period - Icing by Derick Brassard.
1:20 of 2nd period - Andy Miele wins face-off versus Derick Brassard in Blackhawks zone.
1:23 of 2nd period - Backhand shot by Byron Bitz.
1:23 of 2nd period - Stopped by Jimmy Howard without a rebound.
1:24 of 2nd period - Andy Miele wins face-off versus Derick Brassard in Blackhawks zone.
1:25 of 2nd period - Slapshot by Byron Bitz.
1:25 of 2nd period - Shot Misses the Net.
1:39 of 2nd period - Snap shot by Alexander Steen.
1:39 of 2nd period - Deflect By Ladislav Smid.
1:39 of 2nd period - Stopped by Jimmy Howard with a rebound.
1:49 of 2nd period - Anton Gustafsson is hit by Tomas Fleischmann and loses puck.
1:58 of 2nd period - Snap shot by Peter Regin.
1:58 of 2nd period - Stopped by Viktor Fasth with a rebound.
2:00 of 2nd period - Snap shot by Tomas Fleischmann.
2:00 of 2nd period - Shot Blocked by Alexander Edler.
2:44 of 2nd period - Wrist shot by Ryan Kesler.
2:44 of 2nd period - Shot Misses the Net.
2:54 of 2nd period - Derick Brassard is hit by Adam Burish and loses puck.
3:11 of 2nd period - Snap shot by Jarome Iginla.
3:11 of 2nd period - Stopped by Viktor Fasth without a rebound.
3:12 of 2nd period - Ryan Kesler wins face-off versus Peter Regin in Predators zone.
3:12 of 2nd period - Ryan Kesler is hit by Jarome Iginla.
3:47 of 2nd period - Byron Bitz is hit by Patrick Kane and loses puck.
4:14 of 2nd period - Chad Larose is hit by Anton Gustafsson and loses puck.
4:47 of 2nd period - Peter Regin is hit by Brett Clark and loses puck.
5:38 of 2nd period - Snap shot by Tomas Fleischmann.
5:38 of 2nd period - Stopped by Viktor Fasth with a rebound.
5:44 of 2nd period - Minor Penalty to James Van Riemsdyk for Hooking.
5:45 of 2nd period - Derick Brassard wins face-off versus Andy Miele in Predators zone.
7:44 of 2nd period - Penalty to James Van Riemsdyk is over, James Van Riemsdyk is back on ice.
7:50 of 2nd period - John Moore is hit by Chad Larose and loses puck.
8:07 of 2nd period - Dave Tanabe is hit by Niclas Bergfors and loses puck.
8:31 of 2nd period - Slapshot by Adam Burish.
8:31 of 2nd period - Stopped by Jimmy Howard with a rebound.
8:51 of 2nd period - Snap shot by Taylor Pyatt.
8:51 of 2nd period - Stopped by Viktor Fasth without a rebound.
8:52 of 2nd period - Anton Gustafsson wins face-off versus Peter Regin in Predators zone.
8:52 of 2nd period - Anton Gustafsson is hit by Peter Regin.
9:07 of 2nd period - Minor Penalty to Peter Regin for Unsportsmanlike conduct.
9:08 of 2nd period - Ryan Kesler wins face-off versus Patrick Kane in Blackhawks zone.
9:09 of 2nd period - Slapshot by Alexander Edler.
9:09 of 2nd period - Stopped by Jimmy Howard without a rebound.
9:10 of 2nd period - Alexander Ovechkin wins face-off versus Patrick Kane in Blackhawks zone.
10:58 of 2nd period - Byron Bitz is hit by Jaden Schwartz and loses puck.
11:07 of 2nd period - Penalty to Peter Regin is over, Peter Regin is back on ice.
11:37 of 2nd period - Off-side.
11:38 of 2nd period - Kris Vernarsky wins face-off versus Ryan Johansen in neutral zone.
11:45 of 2nd period - Slapshot by Mike Green.
11:45 of 2nd period - Shot Misses the Net.
13:05 of 2nd period - Slapshot by Ryan Johansen.
13:05 of 2nd period - Stopped by Viktor Fasth with a rebound.
13:55 of 2nd period - Snap shot by James Van Riemsdyk.
13:55 of 2nd period - Shot Misses the Net.
13:57 of 2nd period - Wrist shot by James Van Riemsdyk.
13:57 of 2nd period - Deflect By Justin Abdelkader.
13:57 of 2nd period - Shot Misses the Net.
13:57 of 2nd period - Puck is out of play.
13:58 of 2nd period - Derick Brassard wins face-off versus Andy Miele in Blackhawks zone.
14:05 of 2nd period - Snap shot by Antoine Roussel.
14:05 of 2nd period - Deflect By Patrick Kane.
14:05 of 2nd period - Shot Misses the Net.
14:05 of 2nd period - Puck is out of play.
14:06 of 2nd period - Andy Miele wins face-off versus Derick Brassard in Predators zone.
14:06 of 2nd period - Andy Miele is hit by Derick Brassard.
14:12 of 2nd period - Derick Brassard is hit by Alexander Steen and loses puck.
14:45 of 2nd period - Snap shot by Derick Brassard.
14:45 of 2nd period - Deflect By Patrick Kane.
14:45 of 2nd period - Shot Misses the Net.
14:45 of 2nd period - Puck is out of play.
14:46 of 2nd period - Peter Regin wins face-off versus Andy Miele in Predators zone.
14:58 of 2nd period - Minor Penalty to Byron Bitz for Hooking.
14:59 of 2nd period - Derick Brassard wins face-off versus Andy Miele in Predators zone.
15:42 of 2nd period - Snap shot by Alexander Steen.
15:42 of 2nd period - Shot Blocked by Joni Pitkanen.
15:44 of 2nd period - Snap shot by Alexander Steen.
15:44 of 2nd period - Shot Misses the Net.
15:46 of 2nd period - Wrist shot by Kris Vernarsky.
15:46 of 2nd period - Shot Blocked by Patrick Kane.
15:48 of 2nd period - Slapshot by Brett Clark.
15:48 of 2nd period - Stopped by Jimmy Howard with a rebound.
15:50 of 2nd period - Wrist shot by Alexander Steen.
15:50 of 2nd period - Stopped by Jimmy Howard without a rebound.
15:51 of 2nd period - Peter Regin wins face-off versus Andy Miele in Blackhawks zone.
16:58 of 2nd period - Penalty to Byron Bitz is over, Byron Bitz is back on ice.
17:30 of 2nd period - Off-side.
17:31 of 2nd period - Ryan Kesler wins face-off versus Kyle Brodziak in neutral zone.
17:34 of 2nd period - Wrist shot by Niclas Bergfors.
17:34 of 2nd period - Shot Blocked by Jaden Schwartz.
17:36 of 2nd period - Snap shot by Ryan Kesler.
17:36 of 2nd period - Stopped by Jimmy Howard without a rebound.
17:37 of 2nd period - Derick Brassard wins face-off versus Andy Miele in Blackhawks zone.
17:44 of 2nd period - Wrist shot by Alexander Steen.
17:44 of 2nd period - Deflect By Byron Bitz.
17:44 of 2nd period - Shot Misses the Net.
17:44 of 2nd period - Puck is out of play.
17:45 of 2nd period - Derick Brassard wins face-off versus Andy Miele in Blackhawks zone.
17:50 of 2nd period - Alexander Steen is hit by Derick Brassard.
18:00 of 2nd period - Snap shot by Byron Bitz.
18:00 of 2nd period - Shot Misses the Net.
18:10 of 2nd period - Tomas Fleischmann is hit by Niclas Bergfors and loses puck.
18:32 of 2nd period - Slapshot by Joni Pitkanen.
18:32 of 2nd period - Stopped by Viktor Fasth without a rebound.
18:33 of 2nd period - Ryan Johansen wins face-off versus Anton Gustafsson in Predators zone.
18:40 of 2nd period - Slapshot by Chad Larose.
18:40 of 2nd period - Shot Blocked by Ryan Mcdonagh.
19:17 of 2nd period - Minor Penalty to Peter Regin for Hooking.
19:18 of 2nd period - Patrick Kane wins face-off versus Alexander Ovechkin in Blackhawks zone.
19:50 of 2nd period - Wrist shot by Byron Bitz.
19:50 of 2nd period - Deflect By Andy Miele.
19:50 of 2nd period - Stopped by Jimmy Howard without a rebound.
19:51 of 2nd period - Andy Miele wins face-off versus Patrick Kane in Blackhawks zone.
19:56 of 2nd period - Snap shot by Alexander Steen.
19:56 of 2nd period - Stopped by Jimmy Howard without a rebound.
19:57 of 2nd period - Patrick Kane wins face-off versus Alexander Steen in Blackhawks zone.
Goals for this period are 0 for Predators vs 0 for Blackhawks.
Shots for this period are 9 for Predators vs 7 for Blackhawks.
3rd period
0:01 of 3rd period - Patrick Kane wins face-off versus Ryan Kesler in neutral zone.
0:04 of 3rd period - Slapshot by Mike Green.
0:04 of 3rd period - Stopped by Viktor Fasth without a rebound.
0:05 of 3rd period - Patrick Kane wins face-off versus Ryan Kesler in Predators zone.
1:05 of 3rd period - Icing by Alexander Ovechkin.
1:06 of 3rd period - Jarome Iginla wins face-off versus Ryan Kesler in Predators zone.
1:09 of 3rd period - Snap shot by Antoine Roussel.
1:09 of 3rd period - Stopped by Viktor Fasth with a rebound.
1:17 of 3rd period - Penalty to Peter Regin is over, Peter Regin is back on ice.
1:25 of 3rd period - Snap shot by Alexander Ovechkin.
1:25 of 3rd period - Shot Misses the Net.
1:27 of 3rd period - Snap shot by Niclas Bergfors.
1:27 of 3rd period - Stopped by Jimmy Howard with a rebound.
1:29 of 3rd period - Snap shot by Alexander Ovechkin.
1:29 of 3rd period - Stopped by Jimmy Howard without a rebound.
1:30 of 3rd period - Ryan Johansen wins face-off versus Andy Miele in Blackhawks zone.
1:43 of 3rd period - Snap shot by Byron Bitz.
1:43 of 3rd period - Shot Misses the Net.
1:45 of 3rd period - Wrist shot by Andy Miele.
1:45 of 3rd period - Shot Blocked by Chad Larose.
2:02 of 3rd period - Slapshot by Denis Grebeshkov.
2:02 of 3rd period - Deflect By Adam Burish.
2:02 of 3rd period - Stopped by Viktor Fasth without a rebound.
2:03 of 3rd period - Andy Miele wins face-off versus Patrick Kane in Predators zone.
2:12 of 3rd period - Wrist shot by Alexander Steen.
2:12 of 3rd period - Stopped by Jimmy Howard without a rebound.
2:13 of 3rd period - Derick Brassard wins face-off versus Andy Miele in Blackhawks zone.
2:19 of 3rd period - Off-side.
2:20 of 3rd period - Derick Brassard wins face-off versus Ryan Kesler in neutral zone.
2:37 of 3rd period - Slapshot by Alexander Edler.
2:37 of 3rd period - Goal by Alexander Edler - Predators : 1 - Blackhawks : 0.
2:38 of 3rd period - Derick Brassard wins face-off versus Ryan Kesler in neutral zone.
2:47 of 3rd period - Snap shot by Derick Brassard.
2:47 of 3rd period - Stopped by Viktor Fasth without a rebound.
2:48 of 3rd period - Derick Brassard wins face-off versus Ryan Kesler in Predators zone.
2:51 of 3rd period - Snap shot by Derick Brassard.
2:51 of 3rd period - Stopped by Viktor Fasth with a rebound.
3:17 of 3rd period - Snap shot by Niclas Bergfors.
3:17 of 3rd period - Goal by Niclas Bergfors - Predators : 2 - Blackhawks : 0.
3:18 of 3rd period - Derick Brassard wins face-off versus Ryan Kesler in neutral zone.
3:31 of 3rd period - Backhand shot by Alexander Edler.
3:31 of 3rd period - Stopped by Jimmy Howard without a rebound.
3:32 of 3rd period - Derick Brassard wins face-off versus Ryan Kesler in Blackhawks zone.
3:54 of 3rd period - Minor Penalty to Joni Pitkanen for Holding.
3:55 of 3rd period - Ryan Kesler wins face-off versus Patrick Kane in Blackhawks zone.
4:04 of 3rd period - Snap shot by Alexander Ovechkin.
4:04 of 3rd period - Deflect By Ryan Kesler.
4:04 of 3rd period - Stopped by Jimmy Howard without a rebound.
4:05 of 3rd period - Niclas Bergfors wins face-off versus Patrick Kane in Blackhawks zone.
4:08 of 3rd period - Slapshot by Niclas Bergfors.
4:08 of 3rd period - Stopped by Jimmy Howard with a rebound.
4:20 of 3rd period - Slapshot by Alexander Edler.
4:20 of 3rd period - Deflect By Alexander Ovechkin.
4:20 of 3rd period - Shot Blocked by Patrick Kane.
4:20 of 3rd period - Puck is out of play.
4:21 of 3rd period - Derick Brassard wins face-off versus Ryan Kesler in Blackhawks zone.
4:30 of 3rd period - Mike Green is hit by Niclas Bergfors and loses puck.
5:16 of 3rd period - Slapshot by John Moore.
5:16 of 3rd period - Shot Misses the Net.
5:18 of 3rd period - Slapshot by Dmitri Kalinin.
5:18 of 3rd period - Stopped by Jimmy Howard with a rebound.
5:52 of 3rd period - Mike Green is hit by Andy Miele.
5:54 of 3rd period - Penalty to Joni Pitkanen is over, Joni Pitkanen is back on ice.
6:17 of 3rd period - Slapshot by Antoine Roussel.
6:17 of 3rd period - Shot Misses the Net.
6:19 of 3rd period - Wrist shot by Joni Pitkanen.
6:19 of 3rd period - Stopped by Viktor Fasth with a rebound.
6:21 of 3rd period - Wrist shot by Joni Pitkanen.
6:21 of 3rd period - Shot Blocked by Kris Vernarsky.
7:15 of 3rd period - Snap shot by Joni Pitkanen.
7:15 of 3rd period - Shot Misses the Net.
7:17 of 3rd period - Slapshot by Mike Green.
7:17 of 3rd period - Shot Blocked by Justin Abdelkader.
7:23 of 3rd period - Slapshot by Jarome Iginla.
7:23 of 3rd period - Goal by Jarome Iginla - Predators : 2 - Blackhawks : 1.
7:24 of 3rd period - Ryan Kesler wins face-off versus Taylor Pyatt in neutral zone.
7:26 of 3rd period - Minor Penalty to Alexander Edler for Interference.
7:27 of 3rd period - Derick Brassard wins face-off versus Andy Miele in Predators zone.
7:35 of 3rd period - Slapshot by Patrick Kane.
7:35 of 3rd period - Shot Misses the Net.
7:39 of 3rd period - Snap shot by Derick Brassard.
7:39 of 3rd period - Goal by Derick Brassard - Predators : 2 - Blackhawks : 2.
7:40 of 3rd period - Ryan Kesler wins face-off versus Ryan Johansen in neutral zone.
7:51 of 3rd period - Wrist shot by Niclas Bergfors.
7:51 of 3rd period - Stopped by Jimmy Howard without a rebound.
7:52 of 3rd period - Derick Brassard wins face-off versus Ryan Kesler in Blackhawks zone.
8:19 of 3rd period - Jarome Iginla is hit by Byron Bitz and loses puck.
8:42 of 3rd period - Slapshot by Denis Grebeshkov.
8:42 of 3rd period - Shot Blocked by Adam Burish.
8:46 of 3rd period - Snap shot by Tyler Kennedy.
8:46 of 3rd period - Shot Blocked by John Moore.
8:48 of 3rd period - Slapshot by Dave Tanabe.
8:48 of 3rd period - Stopped by Viktor Fasth without a rebound.
8:49 of 3rd period - Derick Brassard wins face-off versus Ryan Kesler in Predators zone.
9:04 of 3rd period - Slapshot by Niclas Bergfors.
9:04 of 3rd period - Shot Misses the Net.
9:06 of 3rd period - Slapshot by John Moore.
9:06 of 3rd period - Stopped by Jimmy Howard without a rebound.
9:07 of 3rd period - Tomas Fleischmann wins face-off versus Andy Miele in Blackhawks zone.
9:37 of 3rd period - Snap shot by Antoine Roussel.
9:37 of 3rd period - Stopped by Viktor Fasth without a rebound.
9:38 of 3rd period - Niclas Bergfors wins face-off versus Derick Brassard in Predators zone.
9:54 of 3rd period - Icing by Ladislav Smid.
9:55 of 3rd period - Patrick Kane wins face-off versus Andy Miele in Blackhawks zone.
10:08 of 3rd period - Snap shot by Andy Miele.
10:08 of 3rd period - Shot Misses the Net.
10:22 of 3rd period - Ladislav Smid is hit by Ryan Mcdonagh and loses puck.
11:01 of 3rd period - Taylor Pyatt is hit by Alexander Steen and loses puck.
12:24 of 3rd period - Snap shot by Jaden Schwartz.
12:24 of 3rd period - Shot Blocked by Andy Miele.
13:14 of 3rd period - Slapshot by Derick Brassard.
13:14 of 3rd period - Deflect By Antoine Roussel.
13:14 of 3rd period - Stopped by Viktor Fasth with a rebound.
13:28 of 3rd period - Alexander Ovechkin is hit by Tomas Fleischmann and loses puck.
13:40 of 3rd period - Icing by Barret Jackman.
13:41 of 3rd period - Derick Brassard wins face-off versus Kris Vernarsky in Predators zone.
13:52 of 3rd period - Snap shot by Patrick Kane.
13:52 of 3rd period - Shot Misses the Net.
13:54 of 3rd period - Snap shot by Derick Brassard.
13:54 of 3rd period - Stopped by Viktor Fasth without a rebound.
13:55 of 3rd period - Peter Regin wins face-off versus Ryan Kesler in Predators zone.
13:56 of 3rd period - Snap shot by Jarome Iginla.
13:56 of 3rd period - Shot Blocked by Ryan Mcdonagh.
14:00 of 3rd period - Snap shot by Jarome Iginla.
14:00 of 3rd period - Stopped by Viktor Fasth with a rebound.
14:04 of 3rd period - Snap shot by Peter Regin.
14:04 of 3rd period - Deflect By Jarome Iginla.
14:04 of 3rd period - Shot Misses the Net.
14:04 of 3rd period - Puck is out of play.
14:05 of 3rd period - Ryan Kesler wins face-off versus Peter Regin in Predators zone.
14:05 of 3rd period - Ryan Kesler is hit by Jarome Iginla.
14:16 of 3rd period - Minor Penalty to Jarome Iginla for Interference.
14:17 of 3rd period - Patrick Kane wins face-off versus Ryan Kesler in Blackhawks zone.
14:29 of 3rd period - Wrist shot by Niclas Bergfors.
14:29 of 3rd period - Shot Misses the Net.
14:33 of 3rd period - Slapshot by Alexander Ovechkin.
14:33 of 3rd period - Shot Misses the Net.
16:16 of 3rd period - Penalty to Jarome Iginla is over, Jarome Iginla is back on ice.
16:31 of 3rd period - Peter Regin is hit by Anton Gustafsson and loses puck.
16:50 of 3rd period - Icing by Andy Miele.
16:51 of 3rd period - Kyle Brodziak wins face-off versus Andy Miele in Predators zone.
17:18 of 3rd period - Wrist shot by Adam Burish.
17:18 of 3rd period - Stopped by Jimmy Howard with a rebound.
17:20 of 3rd period - Slapshot by John Moore.
17:20 of 3rd period - Shot Hit the Post.
17:22 of 3rd period - Slapshot by John Moore.
17:22 of 3rd period - Shot Misses the Net.
18:44 of 3rd period - John Moore is hit by Joni Pitkanen.
18:56 of 3rd period - Dmitri Kalinin is hit by Patrick Kane and loses puck.
19:09 of 3rd period - Ryan Kesler is hit by Antoine Roussel and loses puck.
Goals for this period are 2 for Predators vs 2 for Blackhawks.
Shots for this period are 12 for Predators vs 13 for Blackhawks.
Overtime #1
0:01 of 1st overtime period - Patrick Kane wins face-off versus Ryan Kesler in neutral zone.
0:11 of 1st overtime period - Snap shot by Alexander Ovechkin.
0:11 of 1st overtime period - Stopped by Jimmy Howard with a rebound.
0:13 of 1st overtime period - Slapshot by Alexander Edler.
0:13 of 1st overtime period - Deflect By Patrick Kane.
0:13 of 1st overtime period - Stopped by Jimmy Howard with a rebound.
0:46 of 1st overtime period - John Moore is hit by Derick Brassard.
2:07 of 1st overtime period - Mike Green is hit by Niclas Bergfors and loses puck.
2:14 of 1st overtime period - Wrist shot by Niclas Bergfors.
2:14 of 1st overtime period - Shot Blocked by Mike Green.
2:20 of 1st overtime period - Barret Jackman is hit by Chad Larose and loses puck.
2:31 of 1st overtime period - Joni Pitkanen is hit by Alexander Ovechkin and loses puck.
2:42 of 1st overtime period - Adam Burish is hit by Derick Brassard and loses puck.
3:46 of 1st overtime period - Icing by James Van Riemsdyk.
3:47 of 1st overtime period - Ryan Kesler wins face-off versus Derick Brassard in Predators zone.
4:04 of 1st overtime period - Wrist shot by Niclas Bergfors.
4:04 of 1st overtime period - Shot Misses the Net.
4:06 of 1st overtime period - Wrist shot by Niclas Bergfors.
4:06 of 1st overtime period - Shot Blocked by Joni Pitkanen.
4:08 of 1st overtime period - Snap shot by Andy Miele.
4:08 of 1st overtime period - Deflect By Niclas Bergfors.
4:08 of 1st overtime period - Shot Misses the Net.
4:08 of 1st overtime period - Puck is out of play.
4:09 of 1st overtime period - Andy Miele wins face-off versus Jarome Iginla in Blackhawks zone.
4:12 of 1st overtime period - Slapshot by Andy Miele.
4:12 of 1st overtime period - Shot Blocked by Ladislav Smid.
4:22 of 1st overtime period - Niclas Bergfors is hit by Denis Grebeshkov.
4:34 of 1st overtime period - Derick Brassard is hit by Dmitri Kalinin and loses puck.
Goals for this period are 0 for Predators vs 0 for Blackhawks.
Shots for this period are 2 for Predators vs 0 for Blackhawks.
ShootOut
5:00 of 1st overtime period - Penalty Shot by Alexander Ovechkin for Predators.
5:00 of 1st overtime period - Wrist shot by Alexander Ovechkin.
5:00 of 1st overtime period - Stopped by Jimmy Howard.
5:00 of 1st overtime period - Penalty Shot by Patrick Kane for Blackhawks.
5:00 of 1st overtime period - Wrist shot by Patrick Kane.
5:00 of 1st overtime period - Goal by Patrick Kane.
5:00 of 1st overtime period - Penalty Shot by Niclas Bergfors for Predators.
5:00 of 1st overtime period - Wrist shot by Niclas Bergfors.
5:00 of 1st overtime period - Goal by Niclas Bergfors.
5:00 of 1st overtime period - Penalty Shot by Derick Brassard for Blackhawks.
5:00 of 1st overtime period - Wrist shot by Derick Brassard.
5:00 of 1st overtime period - Stopped by Viktor Fasth.
5:00 of 1st overtime period - Penalty Shot by Ryan Kesler for Predators.
5:00 of 1st overtime period - Wrist shot by Ryan Kesler.
5:00 of 1st overtime period - Shot Misses the Net.
5:00 of 1st overtime period - Penalty Shot by Jarome Iginla for Blackhawks.
5:00 of 1st overtime period - Wrist shot by Jarome Iginla.
5:00 of 1st overtime period - Stopped by Viktor Fasth.
5:00 of 1st overtime period - Penalty Shot by Andy Miele for Predators.
5:00 of 1st overtime period - Deke by Andy Miele.
5:00 of 1st overtime period - Goal by Andy Miele.
5:00 of 1st overtime period - Penalty Shot by Antoine Roussel for Blackhawks.
5:00 of 1st overtime period - Wrist shot by Antoine Roussel.
5:00 of 1st overtime period - Stopped by Viktor Fasth.
Back to the Top